 Dungeon Crawl Stone Soup version 0.30.1-3-gfc49f6343a (webtiles) character file.

Game seed: 2607641814090756311

574 javelincjr the Sneak (level 7, -4/41 HPs)
             Began as an Octopode Summoner on Aug 9, 2023.
             Slain by a black bear (5 damage)
             ... on level 4 of the Dungeon.
             The game lasted 00:11:01 (3057 turns).

javelincjr the Sneak (Octopode Summoner)            Turns: 3057, Time: 00:11:02

Health: -4/41      AC:  1    Str:  7    XL:     7   Next: 34%
Magic:  6/12       EV: 14    Int: 20    God:
Gold:   215        SH:  0    Dex: 12    Spells: 7/13 levels left

rFire   + . .        h - +0 spear
rCold   . . .        (no shield)
rNeg    . . .        (helmet restricted)
rPois   +            n - amulet of regeneration
rElec   .            m - ring of poison resistance
rCorr   .            t - ring of protection from fire
SInv    +            A - ring of see invisible
Will    .....        (no ring)
Stlth   ++++         (no ring)
HPRegen 1.06/turn    (no ring)
MPRegen 0.13/turn    (no ring)
                     (no ring)

%: no passive effects
@: no status effects
A: almost no armour, amphibious, 8 rings, camouflage 1, gelatinous body 1,
(nimble swimmer 1), tentacles
a: no special abilities


You were on level 4 of the Dungeon.
You visited 1 branch of the dungeon, and saw 4 of its levels.

You collected 215 gold pieces.

Inventory:

Hand Weapons
 h - a +0 spear (weapon)
 s - a +4 dagger of speed
Jewellery
 m - a ring of poison resistance (left tentacle)
 n - an amulet of regeneration (around mantle)
 t - a ring of protection from fire (right tentacle)
 w - an amulet of guardian spirit
 A - a ring of see invisible (on tentacle)
Wands
 r - a wand of acid (7)
 v - a wand of polymorph (1)
 y - a wand of charming (6)
 z - a wand of flame (17)
Scrolls
 b - 4 scrolls of identify {unknown}
 i - 2 scrolls of teleportation {unknown}
 k - 2 scrolls of enchant armour {unknown}
 o - a scroll of fog {unknown}
 q - a scroll of fear {unknown}
 u - a scroll of torment {unknown}
 B - a scroll of blinking {unknown}
Potions
 a - a potion of magic
 c - 3 potions of curing {unknown}
 d - a potion of degeneration {unknown}
 e - 2 potions of resistance {unknown}
 f - a potion of might {unknown}
 g - a potion of attraction {unknown}
 j - a potion of flight {unknown}
 l - a potion of lignification {unknown}
 p - a potion of brilliance {unknown}
 x - a potion of ambrosia {unknown}


   Skills:
 + Level 4.2 Dodging
 + Level 6.0 Stealth
 + Level 3.9 Spellcasting
 + Level 5.5 Summonings


You had 7 spell levels left.
You knew the following spells:

 Your Spells              Type           Power      Damage    Failure   Level
a - Summon Small Mammal   Summ           100%       N/A       1%          1
b - Call Imp              Summ           52%        N/A       1%          2
c - Call Canine Familiar  Summ           26%        N/A       4%          3

Your spell library contained the following spells:

 Spells                   Type           Power      Damage    Failure   Level
 Summon Guardian Golem    Hex/Summ       15%        N/A       12%         3
 Freeze                   Ice            12%        1d3       13%         1
 Frozen Ramparts          Ice            6%         1d1       36%         3
 Hailstorm                Conj/Ice       3%         3d3       36%         3
 Portal Projectile        Hex/Tloc       6%         N/A       36%         3
 Summon Lightning Spire   Summ/Air       15%        N/A       38%         4
 Leda's Liquefaction      Hex/Erth       1%         N/A       78%         4


Dungeon Overview and Level Annotations

Branches:
Dungeon (4/15)
 Temple: D:4-7

Altars:
Fedhas
Gozag

Annotations:
D:4 3 runed translucent doors, spardeous's ghost, amateur DgCj


Innate Abilities, Weirdness & Mutations

You cannot wear most types of armour.
You are amphibious.
You can wear up to eight rings at the same time.
Your skin changes colour to match your surroundings (Stealth+).
Your rubbery body absorbs attacks. (AC +1, EV +1)
((You are camouflaged when in or above water. (Stealth+)))
You have tentacles for arms and can constrict up to eight enemies at once.


Message History

Your hound dies!
Your hound's corpse disappears in a puff of smoke!
Your cerulean imp closely misses the black bear.
You could not reach far enough!
The black bear barely misses your cerulean imp.
The black bear claws your cerulean imp but does no damage.
The black bear claws your cerulean imp.
Your cerulean imp hits the black bear with a -2 spear.
You could not reach far enough!
The black bear bites your cerulean imp but does no damage.
The black bear claws your cerulean imp.
The black bear misses your cerulean imp.
Your cerulean imp hits the black bear but does no damage.
The black bear closely misses your cerulean imp.
The black bear barely misses your cerulean imp.
The black bear claws your cerulean imp.
You could not reach far enough!
The black bear closely misses your cerulean imp.
The black bear claws your cerulean imp but does no damage.
The black bear claws your cerulean imp.
Your cerulean imp dies!
Your cerulean imp disappears in a puff of smoke!
You barely miss the black bear. You grab the black bear.
The black bear is severely wounded.
You constrict the black bear. The black bear bites you!
The black bear barely misses you. The black bear claws you.
You hit the black bear.
The black bear is almost dead.
You constrict the black bear. The black bear misses you.
The black bear barely misses you. The black bear claws you.
The black bear barely misses you. The black bear claws you. x2
* * * LOW HITPOINT WARNING * * *
You are too injured to fight recklessly!
You are too injured to fight recklessly!
You barely miss the black bear.
The black bear is almost dead.
You constrict the black bear. The black bear bites you!
* * * LOW HITPOINT WARNING * * *
The black bear claws you.
You die...

######## #......# #.#
#.# ##### .######h##..#
#...#
.......@...##J8∩8$##..#
#######.####Y......#..##
#.####8..8..8#....
#.#..#..._..∩#.###
#.#.###..$WY##.# .
#.#.####+++###.# .
###.#.##.......#.# .
#................# .
....##.#...###.#.###..#
.


You could see a black bear (berserk).

Vanquished Creatures
  Blork the orc (D:4)
  An orc priest (D:3)
  Jessica (D:2)
  Natasha (twice) (D:3)
  Terence (D:3)
  A shadow imp (D:4)
  A worm (D:3)
  3 dart slugs
  2 bats
  4 endoplasms
  A giant cockroach (D:1)
  A goblin (D:1)
  3 hobgoblins
  3 kobolds
  4 quokkas
  A ball python (D:1)
  A frilled lizard (D:2)
  3 rats
34 creatures vanquished.

Vanquished Creatures (collateral kills)
  Menkaure (D:4)
  An ogre (D:4)
  Natasha (D:3)
  An iguana (D:4)
  3 adders
  A dart slug (D:4)
  5 orcs
  2 bats
  3 endoplasms
  2 giant cockroaches
  3 goblins
  A hobgoblin (D:1)
  8 jackals
  A quokka (D:3)
  2 ball pythons
  4 kobolds
  4 rats
43 creatures vanquished.

Grand Total: 77 creatures vanquished

Notes
Turn   | Place    | Note
-------+----------+-------------------------------------------
     0 | D:1      | javelincjr the Octopode Summoner began the quest for the
                  | Orb.
     0 | D:1      | Reached XP level 1. HP: 11/11 MP: 3/3
    94 | D:1      | Reached skill level 3 in Stealth
    94 | D:1      | Reached XP level 2. HP: 17/17 MP: 1/5
   148 | D:1      | Learned a level 2 spell: Call Imp
   382 | D:1      | Reached XP level 3. HP: 21/21 MP: 6/6
   870 | D:2      | Noticed Jessica
   872 | D:2      | Killed Jessica
   927 | D:2      | Reached XP level 4. HP: 27/27 MP: 3/7
  1228 | D:2      | Found a blossoming altar of Fedhas.
  1255 | D:2      | Reached skill level 4 in Stealth
  1741 | D:3      | Noticed Natasha
  1756 | D:3      | Killed Natasha
  1757 | D:3      | Reached XP level 5. HP: 22/31 MP: 5/9
  1761 | D:3      | Learned a level 3 spell: Call Canine Familiar
  1813 | D:3      | Noticed Natasha
  1819 | D:3      | Killed Natasha
  2037 | D:3      | Noticed Natasha
  2044 | D:3      | Killed Natasha
  2045 | D:3      | Reached XP level 6. HP: 36/36 MP: 10/10
  2162 | D:3      | Noticed Terence
  2174 | D:3      | Killed Terence
  2175 | D:3      | Reached skill level 5 in Stealth
  2335 | D:4      | Reached skill level 5 in Summonings
  2582 | D:4      | Noticed Menkaure
  2596 | D:4      | Killed Menkaure
  2597 | D:4      | Reached XP level 7. HP: 22/41 MP: 0/12
  2749 | D:4      | Found a runed translucent gate.
  2751 | D:4      | Found a runed translucent gate.
  2751 | D:4      | Found an opulent altar of Gozag.
  2752 | D:4      | Found a runed translucent gate.
  2753 | D:4      | Noticed a yak
  2754 | D:4      | Noticed spardeous's ghost (amateur DgCj)
  2778 | D:4      | Noticed Blork the orc
  2785 | D:4      | Killed Blork the orc
  2786 | D:4      | Reached skill level 6 in Stealth
  3057 | D:4      | HP: 1/41 [black bear (12)]
  3057 | D:4      | Slain by a black bear

Illustrated notes

Levels and vault maps discovered:
D:1:      lemuel_arrival_cross, layout_basic
D:2:      layout_basic, basic_altar, minmay_misc_feat_alley, uniq_jessica
D:3:      layout_rooms, uniq_natasha, uniq_terence
D:4:      layout_basic, ebering_ghost_gozag, kennysheep_orc_chapel,
          uniq_blork_the_orc, uniq_menkaure

Skill      XL: |  1  2  3  4  5  6  7 |
---------------+----------------------+-----
Stealth        | 3 4 5 6 |  6.0
Dodging        | 3 4 |  4.2
Spellcasting   | 3 |  3.9
Summonings     | 5 |  5.5

Action                     |  1- 3 |  4- 6 |  7- 9 || total
---------------------------+-------+-------+-------++-------
  Melee: Unarmed           |    41 |       |       ||    41
         Constrict         |    12 |    13 |     3 ||    28
         Tentacles         |    13 |    14 |     6 ||    33
         Spear             |       |    54 |     3 ||    57
         Dagger            |       |    24 |     9 ||    33
   Cast: Summon Small Mamm |    11 |    17 |       ||    28
         Call Imp          |    11 |    20 |     2 ||    33
         Call Canine Famil |       |     8 |     2 ||    10
   Stab: Sleeping          |     5 |     7 |     2 ||    14
 Armour: Skin              |     2 |     6 |       ||     8
  Dodge: Dodged            |    26 |    28 |     8 ||    62
